General information
			
			
        
        - name: BNet
 
        - type: Ladder team game (AT/RT)
 
        - host: Battle.net
 
        - saver: rimjob
 
        
map: Deathknell 
        - players: 8
 
        - length: 37:45
 
        - speed: Fast
 - version: 1.26 W3XP
 - replay type:  Public
 
» download(214 KB)
Players
        team 1 (winner) 
              
              
rimjob (
red | 76 APM | 2874 actions | 37:45)
              
 9 Death Knight 
 3 Death Coil
 3 Unholy Aura
 1 Animate Dead
 2 Death Pact
 8 Lich 
 3 Frost Nova
 3 Frost Armor
 1 Death and Decay
 1 Dark Ritual
 4 Warden 
 2 Fan of Knives
 1 Shadow Strike
 1 Spirit of Vengeance
 1 Priestess of the Moon 
 1 Starfall
 
                » actions 
                
                | Assign group hotkey | 29 |  | 
| Basic commands | 1 |  | 
| Build / train | 97 |  | 
| ESC pressed | 8 |  | 
| Enter build submenu | 35 |  | 
| Enter hero's abilities submenu | 23 |  | 
| Give item / drop item | 1 |  | 
| Remove unit from queue | 1 |  | 
| Right click | 1276 |  | 
| Select / deselect | 509 |  | 
| Select group hotkey | 736 |  | 
| Use ability | 158 |  | 
                2874 total
 » units 
                
                | Acolyte | 9 |  | 
| Ghoul | 5 |  | 
| Crypt Fiend | 7 |  | 
| Obsidian Statue | 2 |  | 
| Frost Wyrm | 7 |  | 
| Hippogryph | 10 |  | 
| Chimaera | 6 |  | 
| Wisp | 4 |  | 
                50 total
 » upgrades
                
                | Creature Attack | 3 |  | 
| Creature Carapace | 3 |  | 
| Web | 1 |  | 
| Freezing Breath | 1 |  | 
                8 total
 » buildings
                
                | Graveyard | 1 |  | 
| Crypt | 1 |  | 
| Ziggurat | 8 |  | 
| Altar of Darkness | 1 |  | 
| Nerubian Tower | 1 |  | 
| Tomb of Relics | 1 |  | 
| Necropolis | 1 |  | 
| Halls of the Dead | 2 |  | 
| Black Citadel | 1 |  | 
| Sacrificial Pit | 1 |  | 
| Slaughterhouse | 2 |  | 
| Boneyard | 3 |  | 
| Spirit Tower | 1 |  | 
| Tree of Life | 3 |  | 
| Moon Well | 3 |  | 
                30 total
 » build order
                00:09 Graveyard
00:11 Crypt
00:27 Ziggurat
00:44 Altar of Darkness
01:19 Nerubian Tower
01:33 Ziggurat
01:42 Tomb of Relics
05:00 Necropolis
05:10 Ziggurat
05:36 Halls of the Dead
05:36 Halls of the Dead
06:54 Ziggurat
06:56 Ziggurat
08:04 Black Citadel
10:34 Sacrificial Pit
10:35 Slaughterhouse
10:49 Slaughterhouse
11:55 Boneyard
11:56 Boneyard
13:48 Ziggurat
13:48 Ziggurat
13:49 Ziggurat
15:07 Spirit Tower
15:52 Boneyard
22:59 Tree of Life
30:21 Tree of Life
30:40 Tree of Life
36:08 Moon Well
36:09 Moon Well
36:11 Moon Well
» items
                
                | Rod of Necromancy | 2 |  | 
| Dust of Appearance | 1 |  | 
| Lesser Clarity Potion | 1 |  | 
| Scroll of Town Portal | 4 |  | 
| Orb of Corruption | 1 |  | 
                9 total
  
               
              
              
» 
prophete_81 (
yellow | 45 APM | 908 actions | 20:12)
              
 5 Priestess of the Moon 
 3 Trueshot Aura
 2 Searing Arrows
 
                » actions 
                
                | Assign group hotkey | 4 |  | 
| Basic commands | 9 |  | 
| Build / train | 75 |  | 
| Enter build submenu | 15 |  | 
| Enter hero's abilities submenu | 5 |  | 
| Remove unit from queue | 3 |  | 
| Right click | 463 |  | 
| Select / deselect | 306 |  | 
| Use ability | 28 |  | 
                908 total
 » units 
                
                | Wisp | 24 |  | 
| Archer | 20 |  | 
| Hippogryph | 10 |  | 
                54 total
 » upgrades
                
                | Strength of the Moon | 2 |  | 
| Moon Armor | 2 |  | 
| Improved Bows | 1 |  | 
| Hippogryph Taming | 1 |  | 
| Marksmanship | 1 |  | 
| Strength of the Wild | 1 |  | 
                8 total
 » buildings
                
                | Altar of Elders | 1 |  | 
| Moon Well | 5 |  | 
| Ancient of War | 3 |  | 
| Ancient of Wonders | 1 |  | 
| Hunter's Hall | 1 |  | 
| Tree of Ages | 1 |  | 
| Ancient of Wind | 3 |  | 
| Tree of Eternity | 1 |  | 
| Tree of Life | 1 |  | 
                17 total
 » build order
                00:22 Altar of Elders
00:35 Moon Well
00:50 Ancient of War
01:41 Moon Well
02:01 Ancient of Wonders
02:44 Moon Well
02:59 Hunter's Hall
03:46 Moon Well
04:52 Tree of Ages
07:18 Ancient of Wind
07:22 Ancient of Wind
08:03 Tree of Eternity
08:38 Moon Well
11:50 Ancient of War
14:35 Ancient of War
14:42 Ancient of Wind
16:43 Tree of Life
» items
                 
               
              
              
WeMadeFox (
teal | 39 APM | 786 actions | 20:16)
              
 3 Warden 
 1 Fan of Knives
 2 Shadow Strike
 
                » actions 
                
                | Build / train | 60 |  | 
| Enter build submenu | 20 |  | 
| Enter hero's abilities submenu | 3 |  | 
| Give item / drop item | 2 |  | 
| Remove unit from queue | 6 |  | 
| Right click | 402 |  | 
| Select / deselect | 231 |  | 
| Use ability | 61 |  | 
                786 total
 » units 
                
                | Wisp | 15 |  | 
| Ice Troll Berserker | 1 |  | 
| Ice Troll Trapper | 1 |  | 
| Chimaera | 5 |  | 
| Hippogryph | 4 |  | 
| Druid of the Talon | 8 |  | 
                34 total
 » upgrades
                
                | Reinforced Hides | 3 |  | 
| Strength of the Wild | 1 |  | 
| Corrosive Breath | 1 |  | 
| Druid of the Talon Training | 1 |  | 
                6 total
 » buildings
                
                | Altar of Elders | 1 |  | 
| Moon Well | 7 |  | 
| Tree of Ages | 1 |  | 
| Hunter's Hall | 2 |  | 
| Ancient of Wonders | 2 |  | 
| Ancient of Wind | 1 |  | 
| Tree of Eternity | 1 |  | 
| Ancient Protector | 3 |  | 
| Chimaera Roost | 1 |  | 
                19 total
 » build order
                00:07 Altar of Elders
00:09 Moon Well
02:48 Tree of Ages
02:56 Moon Well
03:01 Hunter's Hall
03:49 Moon Well
04:10 Ancient of Wonders
04:58 Moon Well
05:11 Ancient of Wind
05:53 Tree of Eternity
06:02 Moon Well
06:39 Ancient Protector
07:19 Hunter's Hall
08:04 Moon Well
08:27 Chimaera Roost
08:59 Ancient Protector
10:47 Moon Well
11:56 Ancient of Wonders
13:09 Ancient Protector
» items
                
                | Potion of Healing | 1 |  | 
| Potion of Mana | 1 |  | 
| Scroll of Town Portal | 3 |  | 
| Orb of Venom | 3 |  | 
                8 total
  
               
              
              
» 
Ro0ki3 (
purple | 42 APM | 847 actions | 20:19)
              
 4 Demon Hunter 
 2 Mana Burn
 2 Evasion
 2 Priestess of the Moon 
 1 Trueshot Aura
 1 Searing Arrows
 
                » actions 
                
                | Assign group hotkey | 14 |  | 
| Build / train | 61 |  | 
| Enter build submenu | 21 |  | 
| Enter hero's abilities submenu | 6 |  | 
| Remove unit from queue | 4 |  | 
| Right click | 263 |  | 
| Select / deselect | 230 |  | 
| Select group hotkey | 210 |  | 
| Use ability | 38 |  | 
                847 total
 » units 
                » upgrades
                
                | Ultravision | 1 |  | 
| Strength of the Wild | 1 |  | 
| Reinforced Hides | 1 |  | 
| Corrosive Breath | 1 |  | 
                4 total
 » buildings
                
                | Altar of Elders | 1 |  | 
| Moon Well | 7 |  | 
| Ancient of War | 1 |  | 
| Ancient of Wonders | 1 |  | 
| Tree of Ages | 1 |  | 
| Hunter's Hall | 1 |  | 
| Tree of Life | 2 |  | 
| Ancient of Wind | 1 |  | 
| Tree of Eternity | 1 |  | 
| Ancient Protector | 2 |  | 
| Chimaera Roost | 3 |  | 
                21 total
 » build order
                00:25 Altar of Elders
00:33 Moon Well
00:52 Ancient of War
01:47 Moon Well
02:09 Moon Well
02:42 Moon Well
03:10 Ancient of Wonders
03:40 Moon Well
04:10 Tree of Ages
05:18 Hunter's Hall
05:44 Moon Well
06:32 Tree of Life
06:50 Tree of Life
07:05 Moon Well
07:13 Ancient of Wind
07:57 Tree of Eternity
09:28 Ancient Protector
10:19 Ancient Protector
10:27 Chimaera Roost
10:33 Chimaera Roost
11:26 Chimaera Roost
» items
                
                | Moonstone | 1 |  | 
| Potion of Healing | 3 |  | 
| Scroll of Town Portal | 2 |  | 
                6 total
  
               team 2 (loser) 
              
              
» 
LA.COUILLASSE (
orange | 52 APM | 1719 actions | 33:21)
              
 7 Death Knight 
 3 Death Coil
 3 Unholy Aura
 1 Animate Dead
 6 Lich 
 3 Frost Nova
 2 Frost Armor
 1 Death and Decay
 
                » actions 
                
                | Assign group hotkey | 28 |  | 
| Basic commands | 5 |  | 
| Build / train | 91 |  | 
| Enter build submenu | 23 |  | 
| Enter hero's abilities submenu | 14 |  | 
| Give item / drop item | 4 |  | 
| Right click | 677 |  | 
| Select / deselect | 332 |  | 
| Select group hotkey | 431 |  | 
| Use ability | 114 |  | 
                1719 total
 » units 
                
                | Acolyte | 7 |  | 
| Ghoul | 3 |  | 
| Crypt Fiend | 8 |  | 
| Frost Wyrm | 3 |  | 
| Gargoyle | 16 |  | 
| Troll Batrider | 5 |  | 
                42 total
 » upgrades
                
                | Creature Attack | 3 |  | 
| Web | 1 |  | 
| Freezing Breath | 1 |  | 
| Burrow | 1 |  | 
| Creature Carapace | 1 |  | 
| Stone Form | 1 |  | 
                8 total
 » buildings
                
                | Graveyard | 1 |  | 
| Crypt | 3 |  | 
| Altar of Darkness | 1 |  | 
| Ziggurat | 10 |  | 
| Tomb of Relics | 1 |  | 
| Nerubian Tower | 2 |  | 
| Halls of the Dead | 1 |  | 
| Spirit Tower | 2 |  | 
| Black Citadel | 1 |  | 
| Sacrificial Pit | 1 |  | 
| Boneyard | 2 |  | 
| Necropolis | 1 |  | 
                26 total
 » build order
                00:33 Graveyard
00:38 Crypt
00:50 Altar of Darkness
01:10 Ziggurat
01:33 Tomb of Relics
02:09 Ziggurat
02:53 Nerubian Tower
03:50 Ziggurat
04:20 Halls of the Dead
05:39 Ziggurat
05:41 Spirit Tower
07:41 Black Citadel
08:29 Sacrificial Pit
10:34 Boneyard
10:38 Boneyard
11:32 Necropolis
16:07 Crypt
16:10 Crypt
16:37 Ziggurat
16:40 Ziggurat
24:41 Spirit Tower
27:14 Ziggurat
27:16 Ziggurat
27:20 Ziggurat
27:22 Ziggurat
30:25 Nerubian Tower
» items
                
                | Rod of Necromancy | 4 |  | 
| Potion of Healing | 3 |  | 
| Orb of Corruption | 2 |  | 
| Scroll of Town Portal | 4 |  | 
| Potion of Mana | 2 |  | 
| Dust of Appearance | 1 |  | 
| Healing Salve | 1 |  | 
| Lesser Clarity Potion | 2 |  | 
                19 total
  
               
              
              
Lewis.Horrible (
pink | 32 APM | 936 actions | 29:36)
              
 5 Tauren Chieftain 
 3 Endurance Aura
 2 War Stomp
 
                » actions 
                
                | Build / train | 55 |  | 
| Enter build submenu | 37 |  | 
| Enter hero's abilities submenu | 5 |  | 
| Give item / drop item | 1 |  | 
| Remove unit from queue | 1 |  | 
| Right click | 452 |  | 
| Select / deselect | 309 |  | 
| Use ability | 76 |  | 
                936 total
 » units 
                
                | Peon | 9 |  | 
| Grunt | 6 |  | 
| Tauren | 10 |  | 
| Shaman | 8 |  | 
                33 total
 » upgrades
                
                | Shaman Training | 2 |  | 
| Armor | 2 |  | 
| Melee Weapons | 1 |  | 
| Reinforced Defenses | 1 |  | 
| Pulverize | 1 |  | 
                7 total
 » buildings
                
                | Orc Burrow | 13 |  | 
| Altar of Storms | 1 |  | 
| Barracks | 1 |  | 
| War Mill | 1 |  | 
| Stronghold | 1 |  | 
| Voodoo Lounge | 1 |  | 
| Watch Tower | 8 |  | 
| Fortress | 1 |  | 
| Spirit Lodge | 1 |  | 
| Tauren Totem | 2 |  | 
| Beastiary | 3 |  | 
                33 total
 » build order
                00:08 Orc Burrow
00:11 Altar of Storms
01:08 Barracks
01:43 Orc Burrow
02:23 War Mill
03:19 Stronghold
03:54 Voodoo Lounge
04:01 Watch Tower
05:14 Orc Burrow
05:40 Fortress
05:43 Spirit Lodge
06:42 Watch Tower
08:09 Tauren Totem
08:12 Tauren Totem
10:39 Orc Burrow
10:43 Orc Burrow
22:52 Orc Burrow
22:53 Orc Burrow
22:54 Orc Burrow
22:56 Orc Burrow
22:58 Orc Burrow
22:59 Orc Burrow
23:01 Orc Burrow
23:02 Orc Burrow
27:49 Watch Tower
27:52 Watch Tower
27:58 Watch Tower
28:00 Watch Tower
28:06 Watch Tower
28:11 Watch Tower
28:45 Beastiary
28:48 Beastiary
28:50 Beastiary
» items
                
                | Healing Salve | 2 |  | 
| Potion of Healing | 1 |  | 
| Lesser Clarity Potion | 1 |  | 
| Orb of Lightning | 1 |  | 
| Scroll of Town Portal | 1 |  | 
                6 total
  
               
              
              
Noob_Super (
blue | 67 APM | 2523 actions | 37:44)
              
 4 Archmage 
 2 Summon Water Elemental
 2 Brilliance Aura
 3 Mountain King 
 2 Storm Bolt
 1 Bash
 1 Paladin 
 1 Holy Light
 
                » actions 
                
                | Assign group hotkey | 43 |  | 
| Build / train | 131 |  | 
| Enter build submenu | 33 |  | 
| Enter hero's abilities submenu | 8 |  | 
| Give item / drop item | 2 |  | 
| Remove unit from queue | 7 |  | 
| Right click | 1035 |  | 
| Select / deselect | 597 |  | 
| Select group hotkey | 496 |  | 
| Use ability | 171 |  | 
                2523 total
 » units 
                
                | Peasant | 20 |  | 
| Footman | 5 |  | 
| Ice Troll Berserker | 1 |  | 
| Gnoll Overseer | 1 |  | 
| Mud Golem | 1 |  | 
| Goblin Sapper | 4 |  | 
| Knight | 2 |  | 
| Siege Engine | 15 |  | 
| Spell Breaker | 1 |  | 
| Sorceress | 4 |  | 
| Flying Machine | -2 |  | 
| Troll Batrider | 3 |  | 
| Mortar Team | 6 |  | 
| Rifleman | 1 |  | 
                62 total
 » upgrades
                
                | Defend | 1 |  | 
| Swords | 1 |  | 
| Plating | 3 |  | 
| Lumber Harvesting | 1 |  | 
| Masonry | 3 |  | 
| Barrage | 1 |  | 
| Animal War Training | 1 |  | 
| Sorceress Training | 1 |  | 
| Gunpowder | 3 |  | 
                15 total
 » buildings
                
                | Farm | 12 |  | 
| Altar of Kings | 3 |  | 
| Barracks | 1 |  | 
| Scout Tower | 7 |  | 
| Arcane Tower | 1 |  | 
| Town Hall | 2 |  | 
| Arcane Vault | 1 |  | 
| Keep | 1 |  | 
| Lumber Mill | 1 |  | 
| Blacksmith | 2 |  | 
| Castle | 2 |  | 
| Arcane Sanctum | 1 |  | 
| Workshop | 2 |  | 
| Guard Tower | 5 |  | 
| Cannon Tower | 1 |  | 
                42 total
 » build order
                00:10 Farm
00:16 Altar of Kings
00:20 Farm
00:26 Barracks
01:32 Scout Tower
01:56 Farm
02:00 Arcane Tower
03:27 Town Hall
03:42 Arcane Vault
05:03 Keep
06:25 Lumber Mill
07:47 Blacksmith
07:50 Castle
07:51 Castle
07:53 Blacksmith
08:04 Farm
08:07 Farm
09:51 Arcane Sanctum
09:55 Workshop
10:02 Workshop
10:33 Farm
10:37 Scout Tower
10:38 Scout Tower
10:40 Scout Tower
11:26 Guard Tower
11:39 Guard Tower
11:43 Farm
11:54 Farm
12:00 Scout Tower
12:27 Farm
12:52 Cannon Tower
13:35 Guard Tower
14:19 Farm
16:27 Scout Tower
16:56 Guard Tower
17:04 Farm
17:48 Farm
17:53 Scout Tower
18:39 Guard Tower
23:53 Altar of Kings
28:02 Town Hall
34:42 Altar of Kings
» items
                
                | Scroll of Regeneration | 3 |  | 
| Lesser Clarity Potion | 1 |  | 
| Scroll of Town Portal | 8 |  | 
| Staff of Sanctuary | 2 |  | 
| Potion of Healing | 5 |  | 
| Orb of Fire | 1 |  | 
| Scroll of Healing | 3 |  | 
                23 total
  
               
              
              
» 
Daveurge (
green | 50 APM | 1487 actions | 29:32)
              
 5 Death Knight 
 2 Death Coil
 2 Unholy Aura
 1 Death Pact
 
                » actions 
                
                | Assign group hotkey | 113 |  | 
| Build / train | 102 |  | 
| ESC pressed | 4 |  | 
| Enter build submenu | 17 |  | 
| Enter hero's abilities submenu | 5 |  | 
| Give item / drop item | 6 |  | 
| Remove unit from queue | 8 |  | 
| Right click | 831 |  | 
| Select / deselect | 240 |  | 
| Select group hotkey | 93 |  | 
| Use ability | 67 |  | 
                1487 total
 » units 
                
                | Acolyte | 8 |  | 
| Ghoul | 3 |  | 
| Crypt Fiend | 8 |  | 
| Necromancer | 30 |  | 
                49 total
 » upgrades
                
                | Creature Attack | 3 |  | 
| Creature Carapace | 3 |  | 
| Necromancer Training | 2 |  | 
| Skeletal Mastery | 1 |  | 
| Skeletal Longevity | 1 |  | 
| Unholy Strength | 2 |  | 
| Unholy Armor | 2 |  | 
| Backpack | 1 |  | 
                15 total
 » buildings
                
                | Graveyard | 2 |  | 
| Crypt | 1 |  | 
| Altar of Darkness | 1 |  | 
| Tomb of Relics | 1 |  | 
| Ziggurat | 22 |  | 
| Spirit Tower | 3 |  | 
| Halls of the Dead | 2 |  | 
| Temple of the Damned | 1 |  | 
| Nerubian Tower | 3 |  | 
| Black Citadel | 2 |  | 
| Necropolis | 1 |  | 
                39 total
 » build order
                00:37 Graveyard
00:42 Crypt
00:46 Altar of Darkness
00:49 Tomb of Relics
01:05 Ziggurat
01:23 Ziggurat
04:10 Ziggurat
04:13 Ziggurat
05:20 Spirit Tower
05:23 Spirit Tower
06:26 Halls of the Dead
09:50 Ziggurat
09:50 Ziggurat
09:51 Ziggurat
09:52 Ziggurat
10:51 Spirit Tower
11:32 Temple of the Damned
11:47 Nerubian Tower
12:26 Ziggurat
12:26 Ziggurat
12:38 Black Citadel
13:21 Nerubian Tower
23:06 Necropolis
25:18 Halls of the Dead
25:20 Ziggurat
25:21 Ziggurat
25:23 Ziggurat
25:23 Ziggurat
25:23 Ziggurat
25:24 Ziggurat
25:24 Ziggurat
26:48 Nerubian Tower
27:47 Black Citadel
28:30 Graveyard
28:46 Ziggurat
28:47 Ziggurat
28:47 Ziggurat
28:48 Ziggurat
28:48 Ziggurat
» items
                
                | Rod of Necromancy | 1 |  | 
| Orb of Fire | 1 |  | 
| Scroll of Regeneration | 3 |  | 
| Scroll of Town Portal | 3 |  | 
| Potion of Healing | 4 |  | 
| Healing Salve | 2 |  | 
| Orb of Lightning | 1 |  | 
| Potion of Mana | 1 |  | 
| Scroll of Speed | 1 |  | 
                17 total
  
                Chat log
          (00:19 / Allies) rimjob: 100g?
(00:21 / Allies) rimjob: ty
(00:47 / Allies) rimjob: units?
(00:57 / Allies) Ro0ki3: chims
(01:06 / Allies) rimjob: spider wyrm
(01:09 / Allies) prophete_81: hypo
(02:16 / Allies) rimjob: if they got bm...
(02:19 / Allies) rimjob: teal..
(07:41 / Allies) Ro0ki3: teal
(07:45 / Allies) Ro0ki3: are you serious?
(07:46 / Allies) WeMadeFox: ?
(07:47 / Allies) Ro0ki3: omg
(10:05 / Allies) Ro0ki3: red tp
(12:35 / Allies) rimjob: wood plz
(13:30 / Allies) rimjob: tp?
(13:41 / Allies) Ro0ki3: yes
(15:02 / Allies) rimjob: lost
(15:16 / Allies) WeMadeFox: nah
(15:19 / Allies) Ro0ki3: not yet
(15:48 / All) Noob_Super: b
(16:13 / Allies) Ro0ki3: start units you piece of shit
(16:14 / Allies) Ro0ki3: omg
(17:11 / Allies) Ro0ki3: teal
(17:16 / Allies) Ro0ki3: leave plz
(17:21 / Allies) WeMadeFox: LOL
(17:44 / Allies) rimjob: tp?
(17:55 / Allies) Ro0ki3: hey teal where is your army to defend yellow?
(18:04 / Allies) Ro0ki3: ah sorry you re a noob and have no
(19:00 / All) Ro0ki3: gg
(19:06 / All) Ro0ki3: teal never had more supply than 30
(19:12 / All) Ro0ki3: greatest noob ever
(19:31 / Allies) WeMadeFox: FFS B
(19:37 / Allies) Ro0ki3: fu
(19:39 / Allies) WeMadeFox: B
(19:39 / Allies) Ro0ki3: its over
(19:40 / Allies) WeMadeFox: NOOBS
(19:54 / Allies) Ro0ki3: haha lol
(19:57 / Allies) Ro0ki3: you are the noob
(20:00 / Allies) Ro0ki3: dont you see?
(20:04 / Allies) Ro0ki3: we lost because of you
(20:07 / Allies) WeMadeFox: U ARE NOOB ?
(20:09 / Allies) WeMadeFox: LOL
(20:12 / Allies) WeMadeFox: yea right
(20:15 / Allies) Ro0ki3: look stats retard
(20:23 / All) rimjob: worst
(20:24 / All) rimjob: team
(20:25 / All) rimjob: ever
(20:29 / All) rimjob: <_<
(24:18 / All) rimjob: lolololol
(29:39 / All) rimjob: LOLOLOL
(30:51 / All) rimjob: u lost blue